AoeStats
← ThePunisher1805

Oasis

509218304Analyzed
3v3 RM · 7d ago on Sep 25, 2026· 35m 49s· 6 players
Game mode
Random Map
Map size
Normal (6 player)
Population
200
Speed
Normal
Resources
Standard
Victory
Conquest
Starting age
Dark Age
Ending age
Imperial Age
RankedLock teamsTeams togetherTeam positionsShared explorationLock speedFull tech treeHidden civsTurbo modeCheats
Victory
Defeat
🇧🇷 Ethiopians · Brazil
1180
+12
🇮🇪 Saracens · Ireland
1108
+15
🇧🇷 Lithuanians · Brazil
1096
+16
🇳🇱 Vietnamese · Netherlands
1118
-15
🇳🇱 Hindustanis · Netherlands
1099
-15
🇳🇱 Poles · Netherlands
1063
-13
MLGGandalf
1:35 Loom
11:46 Feudal Age
14:04 Scale Barding Armor
19:08 Castle Age
19:55 Double-Bit Axe
19:59 Horse Collar
22:49 Forging
26:23 Fletching
26:18 Elite Skirmisher
Tapi
8:27 Loom
10:29 Feudal Age
11:33 Double-Bit Axe
11:41 Gold Mining
13:14 Fletching
14:46 Padded Archer Armor
14:34 Horse Collar
23:02 Stone Mining
25:41 Castle Age
26:20 Bodkin Arrow
25:47 Crossbowman
27:14 Bow Saw
27:08 Heavy Plow
28:26 Wheelbarrow
29:20 Ballistics
32:07 Hand Cart
34:18 Thumb Ring
ThePunisher1805
6:01 Loom
13:21 Feudal Age
14:08 Horse Collar
14:15 Double-Bit Axe
22:51 Bloodlines
25:18 Scale Barding Armor
27:54 Castle Age
26:40 Forging
29:09 Wheelbarrow
30:46 Light Cavalry
GameOfSilva
5:13 Loom
10:34 Feudal Age
11:01 Double-Bit Axe
12:25 Town Watch
13:10 Fletching
13:22 Padded Archer Armor
17:25 Scale Mail Armor
22:23 Wheelbarrow
25:46 Castle Age
25:48 Crossbowman
26:25 Bodkin Arrow
27:33 Leather Archer Armor
29:04 Gold Mining
ForceBr
9:58 Feudal Age
10:35 Double-Bit Axe
12:44 Fletching
13:11 Town Watch
15:20 Padded Archer Armor
23:25 Castle Age
21:11 Loom
22:34 Gold Mining
22:59 Horse Collar
23:56 Wheelbarrow
23:52 Crossbowman
24:35 Bodkin Arrow
26:53 Bow Saw
27:49 Leather Archer Armor
29:44 Thumb Ring
34:48 Ballistics
Manoo
10:52 Feudal Age
12:24 Double-Bit Axe
21:40 Castle Age
22:38 Forging
24:52 Husbandry
25:30 Scale Barding Armor
27:05 Bloodlines
28:59 Gold Mining
30:34 Chain Barding Armor
30:49 Iron Casting
30:35 Horse Collar
35:38 Wheelbarrow
34:48 Town Watch
34:48 Loom
37:40 Imperial Age
Connection lost

Rejoining the realm…

Still unreachable

The connection could not be restored.

Session expired

The server has moved on; the page needs a fresh start.